 Dungeon Crawl Stone Soup version 0.18.1-48-g4cf74bf (webtiles) character file.

3417 Jerry the Blocker (level 9, -1/69 HPs)
             Began as a Demigod Fighter on Aug 6, 2016.
             Slain by Jerry's ghost (3 damage)
             ... on level 8 of the Dungeon.
             The game lasted 00:31:57 (8564 turns).

Jerry the Blocker (Demigod Fighter)                 Turns: 8564, Time: 00:31:58

Health: -1/69      AC: 13    Str: 21    XL:     9   Next: 47%
Magic:  11/11      EV:  9    Int:  9    God:
Gold:   476        SH: 11    Dex: 17    Spells: 0 memorised, 8 levels left

rFire  + . .     SeeInvis .     q - +2 scimitar (flame)
rCold  . . .     Gourm    .     b - +0 scale mail
rNeg   . . .     Faith    .     c - +0 shield
rPois  +         Spirit   .     p - +0 helmet
rElec  .         Dismiss  .     l - +1 cloak
rCorr  .         Reflect  .     (no gloves)
SustAt +         Harm     .     y - +0 pair of boots
MR     .....                    u - amulet of Juaf {RegenMP rPois rF+ Int-5}
Stlth  ..........               (no ring)
                                (no ring)

@: very slightly contaminated, not resistant to hostile enchantments, extremely
unstealthy
A: high mp 1, sustain attributes
a: no special abilities


You were on level 8 of the Dungeon.
You were hungry.

You visited 1 branch of the dungeon, and saw 8 of its levels.
You also visited: Sewer.

You collected 476 gold pieces.

Inventory:

Hand Weapons
 o - a +0 long sword of holy wrath
 q - a +2 scimitar of flaming (weapon)
 v - a +3 falchion of freezing
Armour
 b - a +0 scale mail (worn)
 c - a +0 shield (worn)
 l - a +1 cloak (worn)
 p - a +0 helmet (worn)
 y - a +0 pair of boots (worn)
Jewellery
 u - the amulet of Juaf (around neck) {RegenMP rPois rF+ Int-5}
   (You found it on level 4 of the Dungeon)

   [amulet of magic regeneration]

   It increases your magic regeneration.
   It affects your intelligence (-5).
   It protects you from fire.
   It protects you from poison.
 z - a cursed ring of teleportation {unknown}
Wands
 s - a wand of iceblast (2/15)
 D - a wand of enslavement (12/24)
Scrolls
 a - a scroll of amnesia
 h - 4 scrolls of remove curse
 i - 3 scrolls of magic mapping
 j - 6 scrolls of fog
 r - a scroll of teleportation
 t - a scroll of enchant weapon
 w - a scroll of recharging
 A - 3 scrolls of enchant armour
 H - a scroll of identify
Potions
 x - a potion of agility
 G - a potion of magic
Books
 E - a book of the Dragon

   Spells                             Type                      Level
   a - Flame Tongue                   Conjuration/Fire             1
   b - Cause Fear                     Hexes                        4
   c - Bolt of Fire                   Conjuration/Fire             6
   d - Dragon Form                    Transmutation                7
   e - Dragon's Call                  Summoning                    9
Comestibles
 f - 4 bread rations
 g - 5 beef jerkies
 k - 6 meat rations
 n - a fruit


   Skills:
 - Level 3.0 Fighting
 + Level 7.1 Long Blades
 + Level 7.7 Armour
 - Level 1.8 Dodging
 - Level 8.1 Shields


You had 8 spell levels left.
You didn't know any spells.

Dungeon Overview and Level Annotations

Branches:
Dungeon (8/15)             Temple (0/1) D:6
   Lair: D:8-11

Shops:
D:5 %

Annotations:
D:2 Natasha
D:8 Jerry's ghost, novice DsGl


Innate Abilities, Weirdness & Mutations

You have an increased reservoir of magic (+10% MP).
Your attributes are resistant to harm.


Message History

Your +2 scimitar of flaming bursts into flame!
q - a +2 scimitar of flaming (weapon)
Jerry's ghost hits you but does no damage.
You hit Jerry's ghost but do no damage.
Jerry's ghost is moderately damaged.
You block Jerry's ghost's attack.
You closely miss Jerry's ghost.
Jerry's ghost is moderately damaged.
Jerry's ghost hits you but does no damage.
You miss Jerry's ghost.
Jerry's ghost is moderately damaged.
You feel less woody.
Your +1 cloak unmelds from your body.
Your +0 helmet unmelds from your body.
Your +0 pair of boots unmelds from your body.
Your +0 scale mail unmelds from your body.
Jerry's ghost barely misses you.
You miss Jerry's ghost.
Jerry's ghost is moderately damaged.
Jerry's ghost hits you.
You die...

#......###..#
#.
#######.#..##
#. ### ##.#.#
#. ..# #....#
#. #.# #..###
#. #.# #..# #.
#.# #..# ## #.#
#..###########
#@#
#.............
#W#
##.######.####
###.####.#
#.Z......#
#.#.######
###.##.#.# ####
..Z......#
#.....
###............
..####
####.########
#.#


You could see Jerry's ghost and a quokka skeleton (wandering).

Vanquished Creatures
  Erica (D:8)
  Sigmund (D:3)
  The ghost of loom the Twirler, an amateur GrGl (D:3)
  Purgy (Sewer)
  A black bear (D:7)
  3 ogres
  A necrophage (D:8)
  2 centaurs (D:7)
  5 giant frogs
  2 scorpions
  6 killer bees (D:7)
  5 wights (D:7)
  A giant frog zombie (D:6)
  2 centaur zombies
  2 orc priests (D:8)
  2 giant frog skeletons (D:6)
  A jelly (D:6)
  2 hounds
  An orc wizard (D:8)
  3 centaur skeletons
  2 iguanas
  Jessica (D:3)
  Natasha (D:2)
  Ijyb (D:3)
  7 worker ants
  A hound skeleton (D:4)
  A worker ant zombie (D:7)
  Robin (D:3)
  A howler monkey skeleton (D:6)
  2 adders
  7 gnolls
  2 shadow imps
  2 oozes
  An adder zombie (D:6)
  2 dart slugs
  4 giant geckos
  15 orcs
  2 ball pythons
  4 bats
  9 giant cockroaches
  2 gnoll zombies (D:4)
  7 hobgoblins
  5 jackals
  A quokka (D:6)
  A giant gecko skeleton (D:4)
  5 giant newts (Sewer)
  24 goblins
  4 kobolds
  13 rats
171 creatures vanquished.

Notes
Turn   | Place    | Note
--------------------------------------------------------------
     0 | D:1      | Jerry the Demigod Fighter began the quest for the Orb.
     0 | D:1      | Reached XP level 1. HP: 18/18 MP: 3/3
   345 | D:1      | Reached XP level 2. HP: 25/25 MP: 4/4
   491 | D:1      | Reached skill level 3 in Shields
   894 | D:2      | Found a stormy altar of Qazlal.
   914 | D:2      | Found an iron altar of Okawaru.
  1183 | D:2      | Reached XP level 3. HP: 28/31 MP: 5/5
  1577 | D:2      | Noticed Natasha
  1585 | D:2      | HP: 1/31 [Natasha/magic dart (10)]
  1588 | D:2      | Killed Natasha
  1655 | D:2      | Noticed Natasha
  1833 | D:3      | Noticed Robin
  1863 | D:3      | Reached XP level 4. HP: 8/38 MP: 6/6
  1931 | D:3      | Killed Robin
  1931 | D:3      | Reached skill level 1 in Dodging
  2173 | D:3      | Found a glowing drain.
  2189 | Sewer    | Entered a sewer
  2276 | Sewer    | Noticed Purgy
  2309 | Sewer    | Killed Purgy
  2309 | Sewer    | Reached XP level 5. HP: 9/45 MP: 7/7
  2711 | D:3      | Reached skill level 4 in Shields
  2718 | D:3      | Found a shattered altar of Ashenzari.
  2719 | D:3      | Found a blossoming altar of Fedhas.
  2720 | D:3      | Noticed Jessica
  2731 | D:3      | Killed Jessica
  2753 | D:3      | Noticed Sigmund
  2901 | D:3      | Killed Sigmund
  2901 | D:3      | Reached XP level 6. HP: 20/51 MP: 8/8
  3243 | D:3      | Noticed loom's ghost (amateur GrGl)
  3266 | D:3      | Killed loom's ghost
  3737 | D:3      | Noticed Ijyb
  3748 | D:3      | Killed Ijyb
  3990 | D:4      | Got a transparent silver amulet
  4272 | D:4      | Found a sparkling altar of Nemelex Xobeh.
  4354 | D:4      | Found a basalt altar of Yredelemnul.
  4401 | D:4      | Found a radiant altar of Vehumet.
  4579 | D:4      | Reached XP level 7. HP: 52/57 MP: 9/9
  4995 | D:5      | Entered Level 5 of the Dungeon
  5076 | D:5      | Reached skill level 5 in Shields
  5131 | D:5      | Found a white marble altar of Elyvilon.
  5262 | D:5      | Reached skill level 5 in Armour
  5356 | D:5      | Found Axigub's Food Boutique.
  5929 | D:6      | Reached XP level 8. HP: 57/63 MP: 10/10
  5987 | D:6      | Reached skill level 5 in Long Blades
  6025 | D:6      | Reached skill level 6 in Shields
  6441 | D:6      | Found a staircase to the Ecumenical Temple.
  6445 | D:6      | Identified the amulet of Juaf {RegenMP rPois rF+ Int-5} (You found it on level 4 of the Dungeon)
  6618 | D:6      | Gained mutation: You possess an exceptional clarity of mind. [potion of beneficial mutation]
  6619 | D:6      | Gained mutation: Your flesh is cold resistant. [potion of beneficial mutation]
  6629 | D:7      | Found a glowing silver altar of Zin.
  7235 | D:7      | Reached skill level 7 in Shields
  7273 | D:7      | Found a deep blue altar of Sif Muna.
  7758 | D:7      | Found a stormy altar of Qazlal.
  7773 | D:7      | Reached XP level 9. HP: 69/69 MP: 11/11
  7994 | D:8      | Noticed Erica
  8025 | D:8      | Killed Erica
  8264 | D:8      | Reached skill level 8 in Shields
  8473 | D:8      | Noticed Jerry's ghost (novice DsGl)
  8529 | D:8      | HP: 2/69 [Jerry's ghost (6)]
  8546 | D:8      | HP: 2/69 [Jerry's ghost (2)]
  8548 | D:8      | Lost mutation: Your flesh is cold resistant. [potion of cure mutation]
  8548 | D:8      | Lost mutation: You possess an exceptional clarity of mind. [potion of cure mutation]
  8555 | D:8      | HP: 2/103 [Jerry's ghost (1)]
  8564 | D:8      | Slain by Jerry's ghost

Skill      XL: |  1  2  3  4  5  6  7  8  9 |
---------------+----------------------------+-----
Long Blades    | 2 3 4 6 7 |  7.1
Shields        | 3 4 5 7 8 |  8.1
Fighting       | 3 |  3.0
Armour         | 3 4 5 6 7 |  7.7
Dodging        | 1 |  1.8

Action                   |  1- 3 |  4- 6 |  7- 9 || total
-------------------------+-------+-------+-------++-------
Melee: Long sword        |   115 |   194 |    52 ||   361
       Falchion          |       |    32 |   445 ||   477
       Scimitar          |       |       |     4 ||     4
Evoke: Wand              |       |       |     2 ||     2
  Use: Potion            |     2 |     5 |    12 ||    19
       Scroll            |       |       |    15 ||    15
 Stab: Invisible         |       |       |     7 ||     7
  Eat: Chunk             |     2 |     8 |    14 ||    24
       Fruit             |       |     1 |     1 ||     2
Armor: Scale mail        |    44 |    96 |   171 ||   311
       Skin              |       |       |     9 ||     9
Dodge: Dodged            |    35 |    86 |   175 ||   296
Block: Shield            |    52 |   128 |   292 ||   472
